MLB
OAKLAND ATHLETICS @ BALTIMORE ORIOLES
07/26/2041
 
TOP OF THE 1ST
Oakland Athletics batting - Pitching for Baltimore Orioles : RHP Dave Robinson
Pitching: RHP Dave Robinson
Batting: RHB Cecilio Kendall 0-0: Ball
1-0: Foul Ball, location: 7LSF
1-1: Swinging Strike
1-2: SINGLE (Groundball, 4MD, EV 109.4 MPH)
Batting: LHB Jesús Cantú 0-0: Ball
1-0: Called Strike
1-1: Hit by Pitch
Cecilio Kendall to second
Batting: RHB Jeremy Johnson 0-0: Ball
1-0: Ball
2-0: Ball
3-0: Called Strike
3-1: Base on Balls
Cecilio Kendall to third
Jesús Cantú to second
Batting: RHB Devin Hogan 0-0: Ball
1-0: Called Strike
1-1: Fly out, F7 (Flyball, 7D, EV 101.3 MPH)
Batting: RHB Luis García 0-0: Ball
1-0: DOUBLE (Flyball, 8LXD, EV 108.1 MPH)
Cecilio Kendall scores
Jesús Cantú scores
Jeremy Johnson to third
Runner from 3rd tries for Home, SAFE, throw by CF to trailing runner, SAFE at third!
Batting: RHB Eric Davis 0-0: Ball
1-0: Ball
2-0: Ball
3-0: Called Strike
3-1: Swinging Strike
3-2: Foul Ball, location: 9LSF
3-2: Strikes out looking
Batting: SHB Jorge Montáñez 0-0: Ball
1-0: Foul Ball, location: 7LDF
1-1: 2-RUN HOME RUN (Flyball, 89XD, EV 101.9 MPH), Distance : 385 ft
Batting: RHB Héctor González 0-0: Fly out, F8 (Flyball, 8RXD, EV 108.1 MPH)
Top of the 1st over - 5 runs, 3 hits, 0 errors, 0 left on base; Oakland 5 - Baltimore 0
BOTTOM OF THE 1ST
Baltimore Orioles batting - Pitching for Oakland Athletics : RHP José Alemán
Pitching: RHP José Alemán
Batting: RHB Mikolas Polansky 0-0: Ball
1-0: Called Strike
1-1: Ball
2-1: Ground out 6-3 (Groundball, 6, EV 83.1 MPH)
Batting: RHB Tommy Reyna 0-0: Ball
1-0: Ball
2-0: Foul Ball, location: 5F
2-1: SINGLE (Groundball, 6, EV 106.9 MPH) (infield hit)
Batting: LHB Samad Beybukov 0-0: Ball
1-0: Ball
2-0: Ball
3-0: SINGLE (Line Drive, 7S, EV 98.8 MPH)
Tommy Reyna to second
Batting: RHB Kratukarana Multani 0-0: Swinging Strike
0-1: Fly out, F9 (Flyball, 9LM, EV 97.5 MPH)
Batting: LHB Juan Jose Cabrera 0-0: Ball
1-0: SINGLE (Line Drive, 34, EV 93.8 MPH)
Tommy Reyna to third
Samad Beybukov to second
Runner from 3rd tries for Home, SAFE, throw by RF to home
Batting: RHB Cedric Powers 0-0: Foul Ball, location: 5FF
0-1: Ball
1-1: Foul Ball, location: 9LMF
1-2: Ground out 4-3 (Groundball, 4, EV 86.9 MPH)
Bottom of the 1st over - 1 run, 3 hits, 0 errors, 2 left on base; Oakland 5 - Baltimore 1
TOP OF THE 2ND
Oakland Athletics batting - Pitching for Baltimore Orioles : RHP Dave Robinson
Batting: RHB David Álvarez 0-0: Called Strike
0-1: Ball
1-1: Ground out 3-1 (Groundball, 34S, EV 81.3 MPH)
Batting: RHB Cecilio Kendall 0-0: Foul Ball, location: 9LSF
0-1: Called Strike
0-2: Strikes out looking
Batting: LHB Jesús Cantú 0-0: Ball
1-0: Ball
2-0: Called Strike
2-1: Ball
3-1: Called Strike
3-2: Base on Balls
Batting: RHB Jeremy Johnson 0-0: Called Strike
0-1: Ball
1-1: Swinging Strike
1-2: Foul Ball, location: 9LMF
1-2: Ball
2-2: Foul Ball, location: 2F
2-2: Ground out 4-3 (Groundball, 4MS, EV 70.0 MPH)
Top of the 2nd over - 0 runs, 0 hits, 0 errors, 1 left on base; Oakland 5 - Baltimore 1
BOTTOM OF THE 2ND
Baltimore Orioles batting - Pitching for Oakland Athletics : RHP José Alemán
Batting: LHB Greg Martin 0-0: Foul Ball, location: 2F
0-1: Fly out, F9 (Flyball, 9D, EV 93.8 MPH)
Batting: RHB Freddy Hernández 0-0: Ball
1-0: Swinging Strike
1-1: Ground out 6-3 (Groundball, 6, EV 85.6 MPH)
Batting: RHB Remigio Aguilar 0-0: Ball
1-0: Ball
2-0: Ball
3-0: Base on Balls
Batting: RHB Mikolas Polansky 0-0: Called Strike
Remigio Aguilar steals 2nd base
0-1: Ground out 5-3 (Groundball, 5, EV 84.4 MPH)
Bottom of the 2nd over - 0 runs, 0 hits, 0 errors, 1 left on base; Oakland 5 - Baltimore 1
TOP OF THE 3RD
Oakland Athletics batting - Pitching for Baltimore Orioles : RHP Dave Robinson
Batting: RHB Devin Hogan 0-0: Called Strike
0-1: Ball
1-1: Foul Ball, location: 9LSF
1-2: Foul Ball, location: 7LSF
1-2: Strikes out swinging
Batting: RHB Luis García 0-0: Ball
1-0: Fly out, F9 (Flyball, 9, EV 95.6 MPH)
Batting: RHB Eric Davis 0-0: Ball
1-0: Called Strike
1-1: Fly out, F4 (Popup, 4S, EV 81.9 MPH)
Top of the 3rd over - 0 runs, 0 hits, 0 errors, 0 left on base; Oakland 5 - Baltimore 1
BOTTOM OF THE 3RD
Baltimore Orioles batting - Pitching for Oakland Athletics : RHP José Alemán
Batting: RHB Tommy Reyna 0-0: Foul Ball, location: 9LDF
0-1: Ball
1-1: Ground out 6-3 (Groundball, 6M, EV 95.0 MPH)
Batting: LHB Samad Beybukov 0-0: Called Strike
0-1: Foul Ball, location: 2F
0-2: Ground out U3 (Groundball, 3L, EV 83.8 MPH)
Batting: RHB Kratukarana Multani 0-0: Ball
1-0: Called Strike
1-1: Ball
2-1: Swinging Strike
2-2: Fly out, F8 (Flyball, 8RM, EV 88.8 MPH)
Bottom of the 3rd over - 0 runs, 0 hits, 0 errors, 0 left on base; Oakland 5 - Baltimore 1
TOP OF THE 4TH
Oakland Athletics batting - Pitching for Baltimore Orioles : RHP Dave Robinson
Pitching: LHP Jorge Durán
Batting: SHB Jorge Montáñez 0-0: Ball
1-0: Called Strike
1-1: Fly out, F9 (Flyball, 9S, EV 95.6 MPH)
Batting: RHB Héctor González 0-0: Ball
1-0: Ball
2-0: Called Strike
2-1: Fly out, F7 (Line Drive, 7D, EV 98.1 MPH)
Batting: RHB David Álvarez 0-0: Called Strike
0-1: Ball
1-1: Swinging Strike
1-2: Ball
2-2: Strikes out swinging
Top of the 4th over - 0 runs, 0 hits, 0 errors, 0 left on base; Oakland 5 - Baltimore 1
BOTTOM OF THE 4TH
Baltimore Orioles batting - Pitching for Oakland Athletics : RHP José Alemán
Batting: LHB Juan Jose Cabrera 0-0: Fly out, F8 (Flyball, 8LM, EV 90.6 MPH)
Batting: RHB Cedric Powers 0-0: Called Strike
0-1: Ball
1-1: Fly out, F5 (Popup, 56S, EV 71.3 MPH)
Batting: LHB Greg Martin 0-0: Called Strike
0-1: Fly out, F6 (Popup, 6, EV 66.3 MPH)
Bottom of the 4th over - 0 runs, 0 hits, 0 errors, 0 left on base; Oakland 5 - Baltimore 1
TOP OF THE 5TH
Oakland Athletics batting - Pitching for Baltimore Orioles : LHP Jorge Durán
Batting: RHB Cecilio Kendall 0-0: Foul Ball, location: 7LSF
0-1: Ball
1-1: Ball
2-1: Ball
3-1: Called Strike
3-2: Foul Ball, location: 9LMF
3-2: Foul Ball, location: 3FF
3-2: SINGLE (Flyball, 89M, EV 99.4 MPH)
Pinch Hitting: RHB Jody Dailey 0-0: Swinging Strike
0-1: Called Strike
0-2: Ball
1-2: Ball
2-2: Foul Ball, location: 5SF
2-2: Ball
3-2: Base on Balls
Cecilio Kendall to second
Batting: RHB Jeremy Johnson 0-0: Ball
1-0: Foul Ball, location: 2F
1-1: Called Strike
1-2: Ball
2-2: Ball
3-2: DOUBLE (Line Drive, 89D, EV 103.8 MPH)
Cecilio Kendall scores
Jody Dailey to third
Batting: RHB Devin Hogan 0-0: Foul Ball, location: 2F
0-1: Ball
1-1: Ball
2-1: SINGLE (Line Drive, 8RS, EV 96.9 MPH)
Jody Dailey scores
Jeremy Johnson to third
Batting: RHB Luis García 0-0: Ball
1-0: Foul Ball, location: 2F
1-1: Ball
2-1: Ball
3-1: Grounds into double play, 6-4-3 (Groundball, 56, EV 110.0 MPH)
Jeremy Johnson scores
Batting: RHB Eric Davis 0-0: Called Strike
0-1: Ball
1-1: Called Strike
1-2: Strikes out looking
Top of the 5th over - 3 runs, 3 hits, 0 errors, 0 left on base; Oakland 8 - Baltimore 1
BOTTOM OF THE 5TH
Baltimore Orioles batting - Pitching for Oakland Athletics : RHP José Alemán
Now in RF: Rob Bryant
Batting: RHB Freddy Hernández 0-0: Fly out, F7 (Line Drive, 7S, EV 95.0 MPH)
Batting: RHB Remigio Aguilar 0-0: Foul Ball, location: 2F
0-1: Swinging Strike
0-2: Ball
1-2: Ball
2-2: Ball
3-2: Ground out 1-3 (Groundball, 13, EV 73.8 MPH)
Batting: RHB Mikolas Polansky 0-0: Ball
1-0: Called Strike
1-1: Swinging Strike
1-2: Ball
2-2: Strikes out swinging
Bottom of the 5th over - 0 runs, 0 hits, 0 errors, 0 left on base; Oakland 8 - Baltimore 1
TOP OF THE 6TH
Oakland Athletics batting - Pitching for Baltimore Orioles : LHP Jorge Durán
Batting: SHB Jorge Montáñez 0-0: Ball
1-0: Ball
2-0: Called Strike
2-1: Swinging Strike
2-2: Ball
3-2: Foul Ball, location: 5F
3-2: Strikes out looking
Batting: RHB Héctor González 0-0: Called Strike
0-1: DOUBLE (Line Drive, 8RXD, EV 103.1 MPH)
Batting: RHB David Álvarez 0-0: Ball
1-0: Foul Ball, location: 9LDF
1-1: Ball
2-1: Swinging Strike
Passed Ball!
Héctor González to third
2-2: Ball
3-2: Strikes out swinging
Batting: RHB Cecilio Kendall 0-0: Called Strike
0-1: Ground out 5-3 (Groundball, 5L, EV 87.5 MPH)
Top of the 6th over - 0 runs, 1 hit, 0 errors, 1 left on base; Oakland 8 - Baltimore 1
BOTTOM OF THE 6TH
Baltimore Orioles batting - Pitching for Oakland Athletics : RHP José Alemán
Batting: RHB Tommy Reyna 0-0: Called Strike
0-1: Ball
1-1: Ball
2-1: Foul Ball, location: 2F
2-2: Ground out 2-3 (Groundball, 15S, EV 68.8 MPH)
Batting: LHB Samad Beybukov 0-0: Ball
1-0: Fly out, F9 (Line Drive, 9D, EV 95.6 MPH)
Batting: RHB Kratukarana Multani 0-0: Called Strike
0-1: Swinging Strike
0-2: Ball
1-2: Ball
2-2: Strikes out swinging
Bottom of the 6th over - 0 runs, 0 hits, 0 errors, 0 left on base; Oakland 8 - Baltimore 1
TOP OF THE 7TH
Oakland Athletics batting - Pitching for Baltimore Orioles : LHP Jorge Durán
Batting: RHB Rob Bryant 0-0: Ground out 6-3 (Groundball, 6, EV 108.8 MPH)
Pinch Hitting: RHB José Rodríguez 0-0: Called Strike
0-1: Ground out 6-3 (Groundball, 6, EV 109.4 MPH)
Batting: RHB Devin Hogan 0-0: Ball
1-0: Ball
2-0: Called Strike
2-1: Ball
3-1: Swinging Strike
3-2: Strikes out looking
Top of the 7th over - 0 runs, 0 hits, 0 errors, 0 left on base; Oakland 8 - Baltimore 1
BOTTOM OF THE 7TH
Baltimore Orioles batting - Pitching for Oakland Athletics : RHP José Alemán
Now at 2B: José Rodríguez
Now at SS: Cecilio Kendall
Batting: LHB Juan Jose Cabrera 0-0: Ball
1-0: Ground out 5-3 (Groundball, 5, EV 80.6 MPH)
Batting: RHB Cedric Powers 0-0: SINGLE (Line Drive, 4D, EV 109.4 MPH)
Batting: LHB Greg Martin 0-0: Called Strike
0-1: Swinging Strike
0-2: Foul Ball, location: 2F
0-2: Ball
1-2: Ball
2-2: Grounds into double play, 3-6-1 (Groundball, 3, EV 83.1 MPH)
Bottom of the 7th over - 0 runs, 1 hit, 0 errors, 0 left on base; Oakland 8 - Baltimore 1
TOP OF THE 8TH
Oakland Athletics batting - Pitching for Baltimore Orioles : LHP Jorge Durán
Batting: RHB Luis García 0-0: Ball
1-0: Ball
2-0: Called Strike
2-1: Fly out, F3 (Popup, 34, EV 71.9 MPH)
Batting: RHB Eric Davis 0-0: Called Strike
0-1: Ball
1-1: Foul Ball, location: 9LSF
1-2: Ball
2-2: SINGLE (Line Drive, 7S, EV 97.5 MPH)
Pitching: RHP Chris Cole
Batting: SHB Jorge Montáñez 0-0: Ball
Eric Davis steals 2nd base (no throw)
1-0: Ball
2-0: Called Strike
2-1: Foul Ball, location: 2F
2-2: Ball
3-2: Base on Balls
Batting: RHB Héctor González 0-0: Called Strike
0-1: Foul Ball, location: 23F
0-2: Ball
1-2: Ball
2-2: TRIPLE (Line Drive, 9LD, EV 108.8 MPH)
Eric Davis scores
Jorge Montáñez scores
Batting: RHB David Álvarez 0-0: Called Strike
0-1: Foul Ball, location: 5DF
0-2: Ball
1-2: Strikes out looking
Batting: RHB Cecilio Kendall 0-0: Called Strike
0-1: Ground out U3 (Groundball, 3, EV 79.4 MPH)
Top of the 8th over - 2 runs, 2 hits, 0 errors, 1 left on base; Oakland 10 - Baltimore 1
BOTTOM OF THE 8TH
Baltimore Orioles batting - Pitching for Oakland Athletics : RHP José Alemán
Batting: RHB Freddy Hernández 0-0: Ball
1-0: Ball
2-0: Called Strike
2-1: Called Strike
2-2: Ball
3-2: Strikes out swinging
Batting: RHB Remigio Aguilar 0-0: Ball
1-0: Foul Ball, location: 23F
1-1: Ball
2-1: Foul Ball, location: 23FF
2-2: Foul Ball, location: 25F
2-2: Fly out, F3 (Line Drive, 34, EV 61.3 MPH)
Batting: RHB Mikolas Polansky 0-0: Ball
1-0: Ball
2-0: Foul Ball, location: 2F
2-1: Swinging Strike
2-2: Ball
3-2: Foul Ball, location: 9LMF
3-2: Base on Balls
Pitching: LHP Jesús Romo
Batting: RHB Tommy Reyna 0-0: Called Strike
0-1: Ball
1-1: Foul Ball, location: 7LDF
1-2: Foul Ball, location: 5FF
1-2: Ball
2-2: Ball
3-2: TRIPLE (Line Drive, 89XD, EV 96.3 MPH)
Mikolas Polansky scores
Batting: LHB Samad Beybukov 0-0: Ball
1-0: Foul Ball, location: 25FF
1-1: Swinging Strike
1-2: Ball
2-2: Strikes out swinging
Bottom of the 8th over - 1 run, 1 hit, 0 errors, 1 left on base; Oakland 10 - Baltimore 2
TOP OF THE 9TH
Oakland Athletics batting - Pitching for Baltimore Orioles : RHP Chris Cole
Pitching: RHP Edgardo Gonzáles
Batting: RHB Rob Bryant 0-0: Foul Ball, location: 2F
0-1: Ball
1-1: Ball
2-1: Ground out 6-3 (Groundball, 6, EV 106.9 MPH)
Batting: RHB José Rodríguez 0-0: Ball
1-0: Called Strike
1-1: Ball
2-1: Swinging Strike
2-2: Foul Ball, location: 7LMF
2-2: Foul Ball, location: 9LDF
2-2: Ball
3-2: Ground out U3 (Groundball, 34, EV 101.3 MPH)
Batting: RHB Devin Hogan 0-0: Ball
1-0: Swinging Strike
1-1: Called Strike
1-2: Strikes out looking
Top of the 9th over - 0 runs, 0 hits, 0 errors, 0 left on base; Oakland 10 - Baltimore 2
BOTTOM OF THE 9TH
Baltimore Orioles batting - Pitching for Oakland Athletics : LHP Jesús Romo
Batting: RHB Kratukarana Multani 0-0: SINGLE (Groundball, 4D, EV 98.8 MPH)
Batting: LHB Juan Jose Cabrera 0-0: Ball
1-0: SINGLE (Groundball, 6MS, EV 70.6 MPH) (infield hit)
Kratukarana Multani to second
Batting: RHB Cedric Powers 0-0: Ball
1-0: 3-RUN HOME RUN (Flyball, 7D, EV 95.6 MPH), Distance : 361 ft
Pitching: RHP Norm Roy
Batting: LHB Greg Martin 0-0: Ball
1-0: Ground out 4-3 (Groundball, 4, EV 105.6 MPH)
Pinch Hitting: LHB Jeff Hodge 0-0: Swinging Strike
0-1: Ball
1-1: Ball
2-1: Ball
3-1: Called Strike
3-2: SOLO HOME RUN (Flyball, 78XD, EV 97.5 MPH), Distance : 383 ft
Batting: RHB Remigio Aguilar 0-0: Ball
1-0: Ball
2-0: Ball
3-0: Called Strike
3-1: Ground out U3 (Groundball, 3, EV 67.5 MPH)
Batting: RHB Mikolas Polansky 0-0: Ball
1-0: Ball
2-0: Foul Ball, location: 5F
2-1: Called Strike
2-2: Foul Ball, location: 2F
2-2: Foul Ball, location: 25FF
2-2: Foul Ball, location: 2F
2-2: Fly out, F6 (Popup, 6, EV 58.8 MPH)
Bottom of the 9th over - 4 runs, 4 hits, 0 errors, 0 left on base; Oakland 10 - Baltimore 6
Sunday, March 24th , 2024 - OOTP Baseball 24.10 Build 82